 Dungeon Crawl Stone Soup version 0.28.0-43-g3370ac3207 (webtiles) character file.

Game seed: 14134250603400368776

130 cmymind4 the Ogre Mage (level 5, -4/46 HPs)
             Began as an Ogre Fire Elementalist on Mar 26, 2022.
             Slain by a lemure (7 damage)
             ... led by Pikel
             ... on level 4 of the Dungeon.
             The game lasted 00:19:50 (2356 turns).

cmymind4 the Ogre Mage (Ogre Fire Elementalist)     Turns: 2356, Time: 00:19:51

Health: -4/46      AC:  3    Str: 12    XL:     5   Next: 14%
Magic:  3/10       EV: 10    Int: 16    God:
Gold:   154        SH:  0    Dex: 11    Spells: 10/11 levels left

rFire   . . .      SeeInvis .   d - +1 dagger (venom)
rCold   . . .      Faith    .   (no shield)
rNeg    . . .      Spirit   .   a - +0 robe
rPois   .          Reflect  .   (helmet restricted)
rElec   .          Harm     .   (no cloak)
rCorr   .          Rampage  .   (gloves unavailable)
Will    .....                   (boots unavailable)
Stlth   ++........              (no amulet)
HPRegen 0.15/turn               (no ring)
MPRegen 0.12/turn               (no ring)

@: no status effects
A: large, unfitting armour, tough skin 1
a: no special abilities


You were on level 4 of the Dungeon.
You visited 1 branch of the dungeon, and saw 4 of its levels.

You collected 154 gold pieces.

Inventory:

Hand Weapons
 d - a +1 dagger of venom (weapon)
 i - a +1 falchion
Armour
 a - a +0 robe (worn)
Wands
 c - a wand of flame (11)
Scrolls
 e - a scroll of immolation
Potions
 b - 2 potions of haste
 k - 2 potions of cancellation
 m - a potion of degeneration {unknown}


   Skills:
 + Level 0.5 Fighting
 + Level 0.5(0.6) Short Blades
 + Level 0.1(0.3) Long Blades
 + Level 2.3 Dodging
 + Level 1.7 Stealth
 + Level 0.5 Unarmed Combat
 + Level 3.6 Spellcasting
 + Level 1.5 Conjurations
 + Level 3.4 Fire Magic


You had 10 spell levels left.
You knew the following spells:

 Your Spells              Type           Power      Damage    Failure   Level
a - Foxfire               Conj/Fire      40%        2x1d6     6%          1

Your spell library contained the following spells:

 Spells                   Type           Power      Damage    Failure   Level
 Scorch                   Fire           26%        2d6       6%          2
 Summon Small Mammal      Summ           8%         N/A       19%         1
 Conjure Flame            Conj/Fire      10%        6-21      19%         3
 Inner Flame              Hex/Fire       8%         N/A       26%         3
 Call Canine Familiar     Summ           2%         N/A       47%         3
 Summon Guardian Golem    Hex/Summ       2%         N/A       47%         3
 Flame Wave               Conj/Fire      10%        2d5       54%         4


Dungeon Overview and Level Annotations

Branches:
Dungeon (4/15)
 Temple: D:4-7

Altars:
Zin

Annotations:
D:4 Pikel


Innate Abilities, Weirdness & Mutations

You are too large for most types of armour.
You have tough skin. (AC +1)


Message History

Aim: a lemure (moderately wounded, ally target, 60% to hit)
The puff of flame hits the lemure!
The lemure is severely wounded.
The foxfire hits the lemure but does no damage.
The lemure is severely wounded.
The lemure hits you.
The foxfire hits the lemure.
The lemure is severely wounded.
Casting: Foxfire (safe; 6% risk of failure)
Confirm with . or Enter, or press ? or * to list all spells.
You conjure some foxfire!
The lemure hits you but does no damage. The lemure hits you.
The foxfire hits the lemure but does no damage.
The lemure is severely wounded.
The foxfire hits the lemure but does no damage.
The lemure is severely wounded.
The lemure hits you. The lemure hits you!
Casting: Foxfire (safe; 6% risk of failure)
Confirm with . or Enter, or press ? or * to list all spells.
You conjure some foxfire!
The foxfire hits the lemure but does no damage.
The lemure is severely wounded.
The lemure barely misses you.
Pikel hits you with a +1 whip of electrocution.
You are electrocuted!
* * * LOW HITPOINT WARNING * * *
Casting: Foxfire (safe; 6% risk of failure)
Confirm with . or Enter, or press ? or * to list all spells.
You conjure some foxfire!
The foxfire hits the lemure but does no damage.
The lemure is severely wounded.
The lemure hits you but does no damage. Pikel closely misses you.
The foxfire hits the lemure but does no damage.
The lemure is severely wounded.
The foxfire hits Pikel but does no damage.
The lemure hits you!
* * * LOW HITPOINT WARNING * * *
Your magical contamination has completely faded away.
The lemure barely misses you. The lemure hits you!
You die...

##. ###.# #
...# .##
#.###..
#....# #
###...##.###
#...K5@...)#
#.#55###....#
#......w#
...#
#.........
..#
#....[..###
## #.......#
#......:#
#.......#
#.......#


You could see Pikel and 3 lemures.

Vanquished Creatures
  Ijyb (D:3)
  Jessica (D:3)
  3 adders (D:3)
  2 worms
  4 ball pythons
  3 bats
  4 endoplasms
  A giant cockroach (D:1)
  4 goblins
  4 hobgoblins
  4 kobolds
  4 quokkas
  11 frilled lizards
  2 rats (D:2)
48 creatures vanquished.

Vanquished Creatures (others)
  105 foxfires
  5 plants (D:3)
110 creatures vanquished.

Grand Total: 158 creatures vanquished

Notes
Turn   | Place    | Note
-------+----------+-------------------------------------------
     0 | D:1      | cmymind4 the Ogre Fire Elementalist began the quest for the
                  | Orb.
     0 | D:1      | Reached XP level 1. HP: 16/16 MP: 3/3
   100 | D:1      | Reached XP level 2. HP: 19/24 MP: 2/5
   318 | D:1      | Found a faded altar of an unknown god.
   806 | D:1      | Reached skill level 1 in Conjurations
   958 | D:2      | Reached XP level 3. HP: 31/31 MP: 1/7
  1048 | D:2      | Found a glowing silver altar of Zin.
  1613 | D:3      | Noticed Ijyb
  1638 | D:3      | HP: 2/46 [poisoned by Ijyb]
  1676 | D:3      | Killed Ijyb
  1677 | D:3      | Reached XP level 4. HP: 6/39 MP: 2/8
  2000 | D:3      | Noticed Jessica
  2004 | D:3      | Killed Jessica
  2096 | D:3      | Reached XP level 5. HP: 31/46 MP: 10/10
  2342 | D:4      | Noticed a lemure
  2342 | D:4      | Noticed a lemure
  2343 | D:4      | Noticed a lemure
  2344 | D:4      | Noticed Pikel
  2347 | D:4      | Noticed a lemure
  2356 | D:4      | Slain by a lemure

Illustrated notes

Levels and vault maps discovered:
D:1:      dpeg_arrival_rooms_c, layout_loops_ring, ebering_ecumenical_altar_box
D:2:      layout_rooms, basic_altar
D:3:      layout_basic, eino_curves_04, supply_closet_lemuel,
          minmay_lizard_king, uniq_ijyb, uniq_jessica
D:4:      layout_loops_cross, enter_ossuary_1, minmay_fractal_squares_gapless_5,
          uniq_pikel

Skill      XL: |  1  2  3 |
---------------+----------+-----
Conjurations   | 1 |  1.5
Fire Magic     | 3 |  3.4
Spellcasting   | 3 |  3.6
Dodging        | 2 |  2.3
Fighting       | |  0.5
Short Blades   | |  0.5
Long Blades    | |  0.1
Stealth        | |  1.7
Unarmed Combat | |  0.5

Action                   |  1- 3 |  4- 6 || total
-------------------------+-------+-------++-------
Melee: Unarmed           |    38 |       ||    38
       Falchion          |    10 |       ||    10
       Dagger            |       |    36 ||    36
 Cast: Foxfire           |    45 |    18 ||    63
Evoke: Wand              |       |     1 ||     1
  Use: Scroll            |     8 |       ||     8
       Potion            |     6 |       ||     6
Armor: Robe              |    33 |    14 ||    47
Dodge: Dodged            |    36 |    24 ||    60
